 Dungeon Crawl Stone Soup version 0.28.0-53-g5a82cb258f (webtiles) character file.

Game seed: 743781893902322890

9196 Metae the Fighter (level 11, 0/103 HPs)
             Began as a Minotaur Fighter on July 10, 2022.
             Was a High Priest of Okawaru.
             Slain by Snorg (11 damage)
             ... on level 10 of the Dungeon.
             The game lasted 00:50:56 (11770 turns).

Metae the Fighter (Minotaur Fighter)               Turns: 11770, Time: 00:51:03

Health: 0/103      AC: 18    Str: 23    XL:     11   Next: 19%
Magic:  3/5        EV: 14    Int:  5    God:    Okawaru [*****.]
Gold:   489        SH:  6    Dex: 12    Spells: 10/10 levels left

rFire   + . .      SeeInvis .   u - +12 mace of World's End {antimagic, *Rage Fly rElec rN+}
rCold   . . .      Faith    .   c - +0 buckler
rNeg    + . .      Spirit   .   p - +0 chain mail
rPois   .          Reflect  .   (helmet restricted)
rElec   +          Harm     .   P - +1 cloak {rCorr}
rCorr   +          Rampage  .   (no gloves)
Will    .....      Rage     20% s - +0 pair of boots
Stlth   ..........              (no amulet)
HPRegen 0.27/turn               C - ring of protection from fire
MPRegen 0.09/turn               F - +4 ring of evasion

@: heroic, flying
A: horns 2, retaliatory headbutt
a: Renounce Religion, Heroism, Finesse, Duel


You were on level 10 of the Dungeon.
You worshipped Okawaru.
Okawaru was extremely pleased with you.
You visited 2 branches of the dungeon, and saw 11 of its levels.

You collected 489 gold pieces.

Inventory:

Hand Weapons
 a - a +0 trident
 u - the +12 mace of World's End (weapon) {antimagic, *Rage Fly rElec rN+}
   (You found it on level 3 of the Dungeon)

   It reduces the magical energy of the wielder, and disrupts the spells and
   magical abilities of those it strikes.
   Natural abilities and divine invocations are not affected.
   rElec:     It insulates you from electricity.
   rN:        It protects you from negative energy.
   Fly:       It grants you flight.
   *Rage:     It berserks you when you make melee attacks (+20% chance).
 y - a +0 hunting sling
Missiles
 r - 229 stones (quivered)
 t - 2 throwing nets
Armour
 c - a +0 buckler (worn)
 e - a +0 plate armour
 p - a +0 chain mail (worn)
 s - a +0 pair of boots (worn)
 P - a +1 cloak of preservation (worn)
Jewellery
 C - a ring of protection from fire (left hand)
 F - a +4 ring of evasion (right hand)
 H - an amulet of faith
 I - an amulet of magic regeneration
 K - a ring of see invisible
 M - a +4 ring of protection
Wands
 d - a wand of mindburst (3)
 v - a wand of polymorph (5)
 w - a wand of flame (26)
 O - a wand of iceblast (6)
Scrolls
 b - a scroll of summoning {unknown}
 g - 2 scrolls of fog {unknown}
 h - 3 scrolls of noise
 j - 5 scrolls of teleportation
 k - 2 scrolls of silence
 l - 2 scrolls of amnesia
 n - a scroll of brand weapon {unknown}
 o - 4 scrolls of magic mapping
 x - 2 scrolls of torment {unknown}
 E - a scroll of acquirement {unknown}
 G - 2 scrolls of blinking {unknown}
 L - a scroll of enchant armour {unknown}
 N - a scroll of enchant weapon {unknown}
 Q - a scroll of identify
Potions
 f - 4 potions of lignification
 i - 3 potions of mutation
 m - 2 potions of resistance {unknown}
 q - a potion of brilliance {unknown}
 z - a potion of flight
 A - 4 potions of curing {unknown}
 B - 5 potions of heal wounds
 D - a potion of invisibility {unknown}
 J - a potion of attraction {unknown}


   Skills:
 + Level 11.6(16.6) Fighting
 + Level 10.9(15.9) Maces & Flails
 - Level 4.2(9.2) Polearms
 + Level 10.7(15.7) Armour
 - Level 3.6(8.6) Shields
 - Level 7.1 Invocations
 + Level 2.2 Evocations


You had 10 spell levels left.
You didn't know any spells.
Your spell library contained the following spells:

 Spells                   Type           Power      Damage    Failure   Level
 Apportation              Tloc           0%         N/A       96%         1
 Sandblast                Erth           0%         2d4       96%         1
 Passwall                 Tmut/Erth      0%         N/A       99%         2
 Portal Projectile        Hex/Tloc       0%         N/A       100%        3
 Stone Arrow              Conj/Erth      0%         3d7       100%        3
 Leda's Liquefaction      Hex/Erth       0%         N/A       100%        4
 Animate Skeleton         Necr           Unusable   N/A       N/A         1
 Summon Small Mammal      Summ           Unusable   N/A       N/A         1
 Call Canine Familiar     Summ           Unusable   N/A       N/A         3

Dungeon Overview and Level Annotations

Branches:
Dungeon (10/15)            Temple (1/1) D:4            Lair (0/6) D:10
    Orc: D:9-12

Altars:
Ashenzari
Cheibriados
Dithmenos
Elyvilon
Fedhas
Gozag
Hepliaklqana
Makhleb
Nemelex Xobeh
Okawaru
Qazlal
Ru
Sif Muna
Trog
Uskayaw
Vehumet
Wu Jian
Xom
Yredelemnul
Zin
The Shining One

Shops:
D:2 [[:*   D:7 (*(:   D:9 *

Annotations:
D:10 Snorg


Innate Abilities, Weirdness & Mutations

You have a pair of horns on your head.
You reflexively headbutt those who attack you in melee.


Message History

The orc wizard hits you but does no damage.
The orc hits you but does no damage. Snorg bites you. Snorg claws you.
Snorg claws you but does no damage.
You feel less confused.
The orc wizard gestures wildly while chanting.
The orc wizard flickers and vanishes!
Deactivating autopickup; reactivate with Ctrl-A.
Snorg goes berserk!
There is an open door here.
There is an open door, spattered with blood here.
Things that are here:
a +0 dagger; a +0 flail; a +0 chain mail You hear a shout!
You see here a +0 great mace of protection.
Snorg rages.
Snorg misses you. You furiously retaliate!
You headbutt Snorg! You block Snorg's attack.
Snorg claws you but does no damage.
Snorg rages.
Snorg bites you but does no damage. Snorg barely misses you. x2
Snorg bites you but does no damage. Snorg barely misses you.
Snorg closely misses you.
You gain the combat prowess of a mighty hero.
Snorg bites you but does no damage. Snorg completely misses you.
Snorg closely misses you.
You sock Snorg! You headbutt Snorg!
Snorg is moderately wounded.
Snorg closely misses you. You furiously retaliate!
You headbutt Snorg, but do no damage. Snorg claws you.
Snorg closely misses you.
You hit Snorg.
Snorg is moderately wounded.
Snorg bites you!! You block Snorg's attack. x2
You sock Snorg!
Snorg is heavily wounded.
You block Snorg's attack. Snorg claws you. Snorg claws you!
* * * LOW HITPOINT WARNING * * *
Snorg closely misses you. Snorg claws you!
* * * LOW HITPOINT WARNING * * *
Snorg claws you!
You die...

##'# ##..# #.o## #.## ########
#.# .......# #o# .......#
##T#####
.......##################......#
........).......@T.{.oo##......#
...<...###############..)......#
.......# ####......# .......#
#......'. ####)### #......##
#..# #......# ##.# ##'#####
#####'### ############ #.#
........# #..........# #.#


You could see Snorg (berserk) and 2 orcs.

Vanquished Creatures
  Erica (D:10)
  2 two-headed ogres
  The ghost of Garym the Skirmisher, a novice MiBe of Trog (D:6)
  Pikel (D:5)
  An ugly thing (D:9)
  Maurice (D:9)
  A hornet (D:9)
  Sigmund (D:6)
  A wyvern (D:10)
  2 wraiths (D:9)
  A yak (D:10)
  A steam dragon (D:8)
  Grum (D:9)
  2 orc warriors
  3 ice beasts
  2 black bears (D:10)
  6 ogres
  4 necrophages (D:6)
  A wolf (D:9)
  4 lemures (D:5)
  3 centaurs
  2 phantoms (D:7)
  2 kobold brigands
  A bullfrog (D:4)
  2 scorpions (D:6)
  A wyvern zombie (D:7)
  2 water moccasin zombies (D:5)
  12 killer bees
  3 wights
  A howler monkey (D:5)
  An electric eel (D:7)
  A bullfrog zombie (D:5)
  2 centaur zombies
  Crazy Yiuf (D:7)
  An orc priest (D:6)
  4 jellies
  2 centaur skeletons
  6 gnoll shamans
  An orc wizard (D:6)
  2 iguanas
  A hound skeleton (D:4)
  6 adders
  28 gnolls
  3 shadow imps
  An ufetubus (D:5)
  2 adder skeletons
  A worm (D:3)
  A dart slug (D:4)
  16 orcs
  11 ball pythons
  8 endoplasms
  8 giant cockroaches
  7 goblins
  8 hobgoblins
  A jackal (D:2)
  3 quokkas
  6 bats
  6 frilled lizards
  17 kobolds
  11 rats
232 creatures vanquished.

Vanquished Creatures (others)
  2 wolves (D:9)
  20 plants
22 creatures vanquished.

Grand Total: 254 creatures vanquished

Notes
Turn   | Place    | Note
-------+----------+-------------------------------------------
     0 | D:1      | Metae the Minotaur Fighter began the quest for the Orb.
     0 | D:1      | Reached XP level 1. HP: 19/19 MP: 0/0
   381 | D:1      | Reached skill level 4 in Fighting
   403 | D:1      | Reached XP level 2. HP: 27/27 MP: 1/1
   413 | D:1      | Found a faded altar of an unknown god.
   894 | D:1      | Reached XP level 3. HP: 31/34 MP: 2/2
  1511 | D:2      | Found Nauk Niy's Antique Armour Shoppe.
  1531 | D:2      | Found Eppemp's Book Shop.
  1640 | D:2      | Found Quluadd's Armour Shoppe.
  1865 | D:2      | Reached XP level 4. HP: 41/41 MP: 3/3
  2041 | D:2      | Reached skill level 5 in Fighting
  2046 | D:2      | Found Dases's Assorted Antiques.
  2244 | D:3      | Found a broken altar of Ashenzari.
  2617 | D:3      | Identified the +12 mace of World's End {antimagic, *Rage
                  | Fly rElec rN+}
  3191 | D:3      | Reached skill level 1 in Maces & Flails
  3534 | D:4      | Noticed a bullfrog
  3542 | D:4      | Killed a bullfrog
  3543 | D:4      | Reached XP level 5. HP: 41/49 MP: 1/4
  3659 | D:4      | Noticed an ogre
  3660 | D:4      | Found a shimmering blue altar of Sif Muna.
  3667 | D:4      | Killed an ogre
  3668 | D:4      | Reached skill level 6 in Fighting
  3668 | D:4      | Reached XP level 6. HP: 19/57 MP: 1/5
  3972 | D:4      | Found an iron altar of Okawaru.
  4100 | D:4      | Found a staircase to the Ecumenical Temple.
  4118 | Temple   | Entered the Ecumenical Temple
  4323 | D:4      | Became a worshipper of Warmaster Okawaru
  4588 | D:5      | Entered Level 5 of the Dungeon
  5333 | D:5      | Noticed an ice beast
  5335 | D:5      | Reached skill level 5 in Maces & Flails
  5356 | D:4      | Killed an ice beast
  5357 | D:4      | Reached XP level 7. HP: 64/64 MP: 2/6
  5449 | D:5      | Reached skill level 5 in Armour
  5457 | D:5      | Reached skill level 7 in Fighting
  5504 | D:5      | Found an opulent altar of Gozag.
  5531 | D:5      | Reached * piety under Okawaru
  5671 | D:5      | Reached skill level 1 in Invocations
  5778 | D:5      | Reached XP level 8. HP: 71/73 MP: 2/8
  5792 | D:5      | Noticed Pikel
  5798 | D:5      | Killed Pikel
  5798 | D:5      | Reached ** piety under Okawaru
  5799 | D:5      | Reached skill level 8 in Fighting
  6302 | D:6      | Noticed Sigmund
  6321 | D:6      | Killed Sigmund
  6322 | D:6      | Reached XP level 9. HP: 66/82 MP: 1/10
  6719 | D:6      | Noticed Garym's ghost (novice MiBe)
  6725 | D:6      | Found a runed translucent gate.
  6725 | D:6      | Found a runed translucent gate.
  6725 | D:6      | Found a runed translucent gate.
  7306 | D:6      | Reached skill level 9 in Fighting
  7316 | D:6      | Killed Garym's ghost
  7316 | D:6      | Reached *** piety under Okawaru
  7317 | D:6      | Reached skill level 5 in Invocations
  7544 | D:7      | Found Fyaqesipn's Weapon Shop.
  7987 | D:7      | Found a shadowy altar of Dithmenos.
  8022 | D:7      | Found Hitaw's Magic Scroll Emporium.
  8056 | D:7      | Found Unwecoul's Assorted Antiques.
  8170 | D:7      | Reached skill level 10 in Fighting
  8173 | D:7      | Reached XP level 10. HP: 93/93 MP: 4/13
  8197 | D:7      | Found a runed translucent door.
  8198 | D:7      | Noticed Crazy Yiuf
  8219 | D:7      | Found a shimmering altar of Xom.
  8244 | D:7      | Killed Crazy Yiuf
  8323 | D:7      | Found Geibugir's Weapon Shoppe.
  8359 | D:7      | Identified the +1 robe "Buklu" {Contam Regen+ Int+4 Dex+2}
  8424 | D:7      | Found Goizisk's Book Boutique.
  8666 | D:7      | Reached **** piety under Okawaru
  8964 | D:8      | Noticed a two-headed ogre
  8970 | D:8      | Killed a two-headed ogre
  9036 | D:8      | Found a burning altar of Makhleb.
  9553 | D:9      | Received a gift from Okawaru
  9571 | D:9      | Found a glowing golden altar of the Shining One.
  9613 | D:9      | Noticed Grum
  9626 | D:9      | Killed Grum
  9627 | D:9      | Reached skill level 10 in Maces & Flails
  9875 | D:9      | Found Guetod's Lightly-Used Armoury.
 10004 | D:9      | Noticed a green ugly thing
 10019 | D:9      | Killed a green ugly thing
 10020 | D:9      | Reached skill level 11 in Fighting
 10020 | D:9      | Reached skill level 10 in Armour
 10174 | D:9      | Found an ornate altar of the Wu Jian Council.
 10275 | D:9      | Noticed Maurice
 10288 | D:9      | Killed Maurice
 10320 | D:9      | Found a hazy altar of Hepliaklqana.
 10385 | D:9      | Found a hide-covered altar of Uskayaw.
 10808 | D:10     | Entered Level 10 of the Dungeon
 10808 | D:10     | Noticed a two-headed ogre
 10812 | D:10     | Killed a two-headed ogre
 10813 | D:10     | Reached skill level 1 in Evocations
 10913 | D:10     | Reached XP level 11. HP: 87/102 MP: 5/15
 10917 | D:10     | Reached ***** piety under Okawaru
 11101 | D:10     | Found a staircase to the Lair.
 11263 | D:10     | Noticed Erica
 11292 | D:10     | Killed Erica
 11292 | D:10     | Received a gift from Okawaru
 11742 | D:10     | Noticed Snorg
 11770 | D:10     | Slain by Snorg

Illustrated notes

Levels and vault maps discovered:
D:1:      erik_arrival_blinker_ship, layout_basic, serial_rivers,
          chequers_serial_rivers_marsh, chequers_serial_rivers_large_a,
          chequers_serial_rivers_micro_e, chequers_serial_rivers_small_3,
          nicolae_ecumenical_snake_handling, hex_tiny, minmay_close_crescents
D:2:      kennysheep_six_static_rooms, layout_rooms, serial_shops, shop,
          nicolae_shop_competitors_out_of_business, shop, shop
D:3:      layout_basic, mainiacjoe_overflow_catwalk
D:4:      layout_cave_pools, okawaru_metal_pillars_1_2,
          mainiacjoe_overflow_cross_hatched, minmay_temple_entry_steel_oval
D:5:      minmay_angry_zag, layout_cave_pools,
          nicolae_gozag_cash_rules_everything_around_me, uniq_pikel
D:6:      layout_basic, gammafunk_ghost_split, uniq_sigmund
D:7:      layout_gridville, mainiacjoe_overflow_six_doors_small,
          grunt_dithmenos_shadows, serial_shops, shop, nicolae_diamond_shop,
          nicolae_square_shop, kennysheep_little_box, kennysheep_mini_moat,
          serial_bayou, serial_bayou_pond_e, serial_bayou_pond_e,
          serial_bayou_pond_c, serial_bayou_pond_a, serial_bayou_pond_a,
          minivault_5, uniq_crazy_yiuf_cottage
D:8:      layout_rooms, bloody_makhleb, skrybe_limestone_x
D:9:      layout_loops_ring, mainiacjoe_overflow_concentric_impassable,
          mainiacjoe_overflow_alcove_4, tso_oasis_becter,
          lemuel_coloured_pillars_altar, minmay_shop_damaged, uniq_grum,
          uniq_maurice
D:10:     layout_roguey, lemuel_crystal_altar, david_lair_generic,
          gammafunk_ghost_abyssal_escape, uniq_erica, uniq_snorg
Temple:   cyrus_temple_forest

Skill      XL: |  1  2  3  4  5  6  7  8  9 10 11 |
---------------+----------------------------------+-----
Fighting       | 4 5 6 7 8 10 11 | 11.6
Polearms       | 3 4 |  4.2
Maces & Flails | 3 4 5 6 7 9 10 | 10.9
Armour         | 4 5 7 8 10 | 10.7
Invocations    | 1 3 5 7 |  7.1
Evocations     | 1 2 |  2.2
Shields        | |  3.6

Action                   |  1- 3 |  4- 6 |  7- 9 | 10-12 || total
-------------------------+-------+-------+-------+-------++-------
Melee: Trident           |   106 |    32 |       |       ||   138
       Headbutt          |    11 |    15 |    34 |    37 ||    97
       Mace              |       |    79 |   190 |   157 ||   426
Invok: Heroism           |       |       |     1 |     1 ||     2
  Use: Scroll            |       |     1 |     8 |     1 ||    10
       Potion            |       |       |     1 |       ||     1
Armor: Scale mail        |    51 |       |       |       ||    51
       Chain mail        |       |    75 |    83 |   107 ||   265
Dodge: Dodged            |    55 |    52 |    86 |   128 ||   321
Block: Buckler           |    28 |    27 |    42 |    35 ||   132
